Predators vs Wild

Created - April 30 2011 at 11:06

Goals
1 2 3 T
Predators 2 2 1 5
Wild 3 5 2 10
Shots
1 2 3 T
Predators 10 8 4 22
Wild 9 12 16 37

Period #1

1. Predators , Scottie Upshall 5 (Steven Stamkos, Simon Gagne) at 5:32 (PP)
2. Wild , Mark Eaton 2 (Alexei Ponikarovsky, Kim Johnsson) at 8:54 (PP)
3. Wild , Alexei Ponikarovsky 4 (Chris Drury, Daniel Alfredsson) at 10:29
4. Wild , Daniel Alfredsson 6 (Kim Johnsson, Ilya Bryzgalov) at 17:58 (PP)
5. Predators , Nicklas Backstrom 9 (Marian Gaborik, Brent Burns) at 18:22

Penalties :
Francis Bouillon (MIN) for Hooking (Minor) at 0:12, Alexei Ponikarovsky (MIN) for Holding (Minor) at 4:57, Jeff Carter (NSH) for Tripping (Minor) at 8:06, Joe Pavelski (MIN) for Roughing (Minor) at 11:02, Joe Pavelski (MIN) for Boarding (Minor) at 13:58, Brent Burns (NSH) for Roughing (Minor) at 16:24

Period #2

6. Wild , Alexei Ponikarovsky 5 (Daniel Alfredsson, Chris Drury) at 0:12
7. Wild , Martin St. Louis 8 (Milan Hejduk, Michal Rozsival) at 3:03 (PP)
8. Predators , Steven Stamkos 6 (Simon Gagne) at 3:57
9. Wild , Joe Pavelski 4 (Martin St. Louis, Mark Eaton) at 10:37
10. Wild , Erik Cole 2 (Rob Niedermayer) at 12:51
11. Wild , Chris Drury 2 (Mark Eaton, Daniel Alfredsson) at 16:37
12. Predators , Tomas Kaberle 1 (Simon Gagne, Jeff Carter) at 19:53

Penalties :
Zbynek Michalek (NSH) for Hooking (Minor) at 2:12, Milan Michalek (NSH) for Interference (Minor) at 4:25, Derek Morris (NSH) for Roughing (Minor) at 7:09, Olli Jokinen (MIN) for Fighting (Major) at 7:28, Patrik Elias (NSH) for Fighting (Major) at 7:28, Olli Jokinen (MIN) for instigated a fight (Game Misconduct) at 7:28, Michal Rozsival (MIN) for Tripping (Minor) at 17:05, Aaron Ward (MIN) for Fighting (Major) at 17:16, Steven Stamkos (NSH) for Fighting (Major) at 17:16

Period #3

13. Wild , Chris Drury 3 (Mark Eaton) at 4:25 (PP)
14. Wild , Chris Drury 4 (Kim Johnsson, Erik Cole) at 9:56 (PP)
15. Predators , Milan Michalek 3 (Scottie Upshall, Patrik Elias) at 15:34

Penalties :
Simon Gagne (NSH) for Tripping (Minor) at 0:53, Patric Hornqvist (NSH) for Boarding (Minor) at 2:56, Shea Weber (NSH) for Hooking (Minor) at 4:52, Braydon Coburn (NSH) for Roughing (Minor) at 5:08, Shea Weber (NSH) for Interference (Minor) at 7:06, Brent Burns (NSH) for Hooking (Minor) at 9:06, Brent Burns (NSH) for Tripping (Minor) at 10:19, Francis Bouillon (MIN) for Holding (Minor) at 12:40, Scottie Upshall (NSH) for Holding Stick (Minor) at 18:37

Goalie Stats

Antero Niittymaki (NSH), 21 saves from 26 shots - (0.808), L, 0-1-0, 36:57 minutes
Pekka Rinne (NSH), 6 saves from 11 shots - (0.545), 23:03 minutes
Dwayne Roloson (MIN), 0 saves from 0 shots - (0.000), 4:26 minutes
Ilya Bryzgalov (MIN), 17 saves from 22 shots - (0.773), W, 7-4-1, 55:34 minutes

Players Stats

Predators
Player Name              G  A  P  +/- PIM S  H  SB FO    MP 
------------------------------------------------------------
Andreas Nodl             0  0  0  -2  0   0  0  0  1/1   13 
Braydon Coburn           0  0  0   2  2   1  3  0  0/0   17 
Brent Burns              0  1  1  -2  6   1  3  0  0/0   18 
Cody Franson             0  0  0  -2  0   0  0  1  0/0   12 
Colin Fraser             0  0  0   1  0   0  0  0  0/4   2  
Derek Morris             0  0  0   1  2   0  1  3  0/0   14 
Jeff Carter              0  1  1   2  2   1  0  2  7/17  23 
Marian Gaborik           0  1  1  -4  0   2  1  0  0/0   19 
Milan Michalek           1  0  1   1  2   2  0  0  1/1   10 
Nicklas Backstrom        1  0  1  -2  0   5  1  0  11/22 20 
Patric Hornqvist         0  0  0  -2  2   2  0  2  0/1   16 
Patrik Elias             0  1  1   0  7   0  1  2  13/25 17 
Scottie Upshall          1  1  2   1  2   2  0  0  0/1   11 
Shea Weber               0  0  0  -3  4   2  0  0  0/0   19 
Simon Gagne              0  3  3   1  2   0  1  1  0/0   20 
Steven Stamkos           1  1  2   1  5   3  0  0  10/20 14 
Tomas Kaberle            1  0  1   2  0   1  0  0  0/0   16 
Zbynek Michalek          0  0  0   0  2   0  0  2  0/0   18 
Wild
Player Name              G  A  P  +/- PIM S  H  SB FO    MP 
------------------------------------------------------------
Aaron Ward               0  0  0   0  5   1  2  0  0/0   15 
Alexei Ponikarovsky      2  1  3   3  2   3  2  0  0/0   16 
Brian Willsie            0  0  0   0  0   0  0  0  0/0   5  
Chris Drury              3  2  5   3  0   6  0  0  20/32 20 
Daniel Alfredsson        1  3  4   3  0   6  1  0  1/3   21 
Erik Cole                1  1  2  -1  0   5  2  0  0/1   12 
Francis Bouillon         0  0  0   1  4   0  2  2  0/0   16 
Joe Pavelski             1  0  1  -1  4   5  2  0  11/27 22 
Kim Johnsson             0  3  3   0  0   0  0  1  0/0   19 
Mark Eaton               1  3  4   4  0   2  0  1  0/0   22 
Martin St. Louis         1  1  2  -1  0   4  0  0  0/2   21 
Michal Rozsival          0  1  1  -3  2   1  4  1  0/0   22 
Milan Hejduk             0  1  1  -1  0   1  0  0  1/2   17 
Olli Jokinen             0  0  0   0  15  0  0  0  2/5   3  
Rob Niedermayer          0  1  1  -1  0   0  0  0  12/18 16 
Robert Lang              0  0  0   0  0   0  0  0  0/0   0  
Ryan Whitney             0  0  0   0  0   3  1  0  0/0   23 
Stephane Yelle           0  0  0  -1  0   0  2  0  2/2   17 

3 Stars

1 - Chris Drury (MIN)
2 - Mark Eaton (MIN)
3 - Daniel Alfredsson (MIN)

Power Play

Predators - 1 on 7 Attempt(s) - 14.29%
Wild - 5 on 13 Attempt(s) - 38.46%

Penalty Kill

Predators - 8 on 13 Attempt(s) - 61.54% - Score 0 goal in Penalty Kill
Wild - 6 on 7 Attempt(s) - 85.71% - Score 0 goal in Penalty Kill

Game Notes

Antero Niittymaki enters game at 3:03 of 2nd period
Olli Jokinen beats up Patrik Elias at 7:28 of 2nd period
Olli Jokinen ejected from game at 7:28 of 2nd period
Aaron Ward and Steven Stamkos fight to a draw at 17:16 of 2nd period
Chris Drury has scored a Hat Trick!
Dwayne Roloson enters game at 15:34 of 3rd period

Finance

Level 1 -- Attendance: 5992 (92.18%) -- Ticket Income $599,200.00
Level 2 -- Attendance: 4696 (93.92%) -- Ticket Income $281,760.00
Level 3 -- Attendance: 3500 (100.00%) -- Ticket Income $122,500.00
Level 4 -- Attendance: 2064 (100.00%) -- Ticket Income $41,280.00
Luxury Box -- Attendance: 1000 (100.00%) -- Ticket Income $200,000.00
Game was played at the Xcel Energy Center
Total Attendance: 17252 (95.50%)
Total Ticket Income: $1,340,336.00
Other Income: $402,100.76
Total Income: $1,742,437.00


Play by Play

Period #1

0:01 of 1st period - Chris Drury wins face-off versus Patric Hornqvist in neutral zone.
0:12 of 1st period - Minor Penalty to Francis Bouillon for Hooking.
0:13 of 1st period - Steven Stamkos wins face-off versus Rob Niedermayer in Wild zone.
0:34 of 1st period - Shot by Steven Stamkos.
0:34 of 1st period - Stopped by Ilya Bryzgalov without a rebound.
0:35 of 1st period - Chris Drury wins face-off versus Nicklas Backstrom in Wild zone.
1:09 of 1st period - Stephane Yelle is hit by Nicklas Backstrom and loses puck.
2:28 of 1st period - Icing by Zbynek Michalek.
2:29 of 1st period - Patrik Elias wins face-off versus Chris Drury in Predators zone.
4:18 of 1st period - Jeff Carter is hit by Erik Cole and loses puck.
4:30 of 1st period - Shot by Steven Stamkos.
4:30 of 1st period - Deflect By Jeff Carter.
4:30 of 1st period - Stopped by Ilya Bryzgalov without a rebound.
4:31 of 1st period - Patrik Elias wins face-off versus Chris Drury in Wild zone.
4:57 of 1st period - Minor Penalty to Alexei Ponikarovsky for Holding.
4:58 of 1st period - Nicklas Backstrom wins face-off versus Chris Drury in Wild zone.
5:11 of 1st period - Shot by Nicklas Backstrom.
5:11 of 1st period - Stopped by Ilya Bryzgalov without a rebound.
5:12 of 1st period - Stephane Yelle wins face-off versus Steven Stamkos in Wild zone.
5:28 of 1st period - Shot by Steven Stamkos.
5:28 of 1st period - Shot Blocked by Michal Rozsival.
5:30 of 1st period - Shot by Simon Gagne.
5:30 of 1st period - Deflect By Steven Stamkos.
5:30 of 1st period - Stopped by Ilya Bryzgalov with a rebound.
5:32 of 1st period - Shot by Scottie Upshall.
5:32 of 1st period - Goal by Scottie Upshall - Predators : 1 - Wild : 0.
5:33 of 1st period - Patrik Elias wins face-off versus Joe Pavelski in neutral zone.
6:42 of 1st period - Shot by Chris Drury.
6:42 of 1st period - Stopped by Pekka Rinne without a rebound.
6:43 of 1st period - Joe Pavelski wins face-off versus Steven Stamkos in Predators zone.
7:10 of 1st period - Shot by Joe Pavelski.
7:10 of 1st period - Stopped by Pekka Rinne without a rebound.
7:11 of 1st period - Chris Drury wins face-off versus Nicklas Backstrom in Predators zone.
8:06 of 1st period - Minor Penalty to Jeff Carter for Tripping.
8:07 of 1st period - Joe Pavelski wins face-off versus Steven Stamkos in Predators zone.
8:52 of 1st period - Shot by Kim Johnsson.
8:52 of 1st period - Deflect By Alexei Ponikarovsky.
8:52 of 1st period - Shot Misses the Net.
8:54 of 1st period - Shot by Mark Eaton.
8:54 of 1st period - Goal by Mark Eaton - Predators : 1 - Wild : 1.
8:55 of 1st period - Steven Stamkos wins face-off versus Rob Niedermayer in neutral zone.
9:54 of 1st period - Patric Hornqvist is hit by Stephane Yelle.
10:29 of 1st period - Shot by Alexei Ponikarovsky.
10:29 of 1st period - Goal by Alexei Ponikarovsky - Predators : 1 - Wild : 2.
10:30 of 1st period - Patrik Elias wins face-off versus Joe Pavelski in neutral zone.
10:32 of 1st period - Milan Michalek is hit by Michal Rozsival and loses puck.
11:02 of 1st period - Minor Penalty to Joe Pavelski for Roughing.
11:03 of 1st period - Chris Drury wins face-off versus Jeff Carter in Wild zone.
12:07 of 1st period - Shot by Shea Weber.
12:07 of 1st period - Stopped by Ilya Bryzgalov without a rebound.
12:08 of 1st period - Rob Niedermayer wins face-off versus Steven Stamkos in Wild zone.
12:26 of 1st period - Jeff Carter is hit by Francis Bouillon and loses puck.
13:03 of 1st period - Shot by Nicklas Backstrom.
13:03 of 1st period - Stopped by Ilya Bryzgalov without a rebound.
13:04 of 1st period - Joe Pavelski wins face-off versus Patrik Elias in Wild zone.
13:06 of 1st period - Icing by Daniel Alfredsson.
13:07 of 1st period - Joe Pavelski wins face-off versus Patrik Elias in Wild zone.
13:07 of 1st period - Joe Pavelski is hit by Patrik Elias.
13:35 of 1st period - Shot by Patrik Elias.
13:35 of 1st period - Shot Hit the Post.
13:58 of 1st period - Minor Penalty to Joe Pavelski for Boarding.
13:59 of 1st period - Chris Drury wins face-off versus Nicklas Backstrom in Wild zone.
14:18 of 1st period - Shot by Marian Gaborik.
14:18 of 1st period - Stopped by Ilya Bryzgalov with a rebound.
14:20 of 1st period - Shot by Patric Hornqvist.
14:20 of 1st period - Stopped by Ilya Bryzgalov without a rebound.
14:21 of 1st period - Steven Stamkos wins face-off versus Chris Drury in Wild zone.
16:23 of 1st period - Martin St. Louis is hit by Brent Burns and loses puck.
16:24 of 1st period - Minor Penalty to Brent Burns for Roughing.
16:25 of 1st period - Jeff Carter wins face-off versus Olli Jokinen in Predators zone.
16:31 of 1st period - Icing by Kim Johnsson.
16:32 of 1st period - Andreas Nodl wins face-off versus Olli Jokinen in Wild zone.
17:14 of 1st period - Shot by Milan Hejduk.
17:14 of 1st period - Stopped by Pekka Rinne with a rebound.
17:18 of 1st period - Shot by Joe Pavelski.
17:18 of 1st period - Stopped by Pekka Rinne without a rebound.
17:19 of 1st period - Patrik Elias wins face-off versus Joe Pavelski in Predators zone.
17:34 of 1st period - Shot by Joe Pavelski.
17:34 of 1st period - Stopped by Pekka Rinne without a rebound.
17:35 of 1st period - Olli Jokinen wins face-off versus Jeff Carter in Predators zone.
17:42 of 1st period - Shot by Kim Johnsson.
17:42 of 1st period - Shot Misses the Net.
17:54 of 1st period - Shot by Daniel Alfredsson.
17:54 of 1st period - Shot Blocked by Jeff Carter.
17:56 of 1st period - Shot by Daniel Alfredsson.
17:56 of 1st period - Shot Blocked by Derek Morris.
17:58 of 1st period - Shot by Daniel Alfredsson.
17:58 of 1st period - Goal by Daniel Alfredsson - Predators : 1 - Wild : 3.
17:59 of 1st period - Rob Niedermayer wins face-off versus Nicklas Backstrom in neutral zone.
18:20 of 1st period - Shot by Nicklas Backstrom.
18:20 of 1st period - Shot Blocked by Francis Bouillon.
18:22 of 1st period - Shot by Nicklas Backstrom.
18:22 of 1st period - Goal by Nicklas Backstrom - Predators : 2 - Wild : 3.
18:23 of 1st period - Steven Stamkos wins face-off versus Joe Pavelski in neutral zone.
18:31 of 1st period - Martin St. Louis is hit by Braydon Coburn and loses puck.
18:37 of 1st period - Icing by Jeff Carter.
18:38 of 1st period - Steven Stamkos wins face-off versus Joe Pavelski in Predators zone.
18:52 of 1st period - Steven Stamkos is hit by Michal Rozsival and loses puck.
19:41 of 1st period - Shot by Kim Johnsson.
19:41 of 1st period - Shot Misses the Net.
19:43 of 1st period - Shot by Erik Cole.
19:43 of 1st period - Stopped by Pekka Rinne without a rebound.
19:44 of 1st period - Patrik Elias wins face-off versus Chris Drury in Predators zone.

Period #2

0:01 of 2nd period - Nicklas Backstrom wins face-off versus Daniel Alfredsson in neutral zone.
0:01 of 2nd period - Marian Gaborik is hit by Alexei Ponikarovsky and loses puck.
0:08 of 2nd period - Shot by Alexei Ponikarovsky.
0:08 of 2nd period - Shot Hit the Post.
0:12 of 2nd period - Shot by Alexei Ponikarovsky.
0:12 of 2nd period - Goal by Alexei Ponikarovsky - Predators : 2 - Wild : 4.
0:13 of 2nd period - Steven Stamkos wins face-off versus Joe Pavelski in neutral zone.
0:19 of 2nd period - Simon Gagne is hit by Joe Pavelski and loses puck.
0:39 of 2nd period - Milan Hejduk is hit by Braydon Coburn and loses puck.
1:05 of 2nd period - Icing by Ryan Whitney.
1:06 of 2nd period - Milan Hejduk wins face-off versus Nicklas Backstrom in Wild zone.
1:18 of 2nd period - Icing by Nicklas Backstrom.
1:19 of 2nd period - Nicklas Backstrom wins face-off versus Chris Drury in Predators zone.
1:24 of 2nd period - Shot by Marian Gaborik.
1:24 of 2nd period - Shot Blocked by Francis Bouillon.
1:26 of 2nd period - Shot by Marian Gaborik.
1:26 of 2nd period - Shot Blocked by Mark Eaton.
1:41 of 2nd period - Nicklas Backstrom is hit by Francis Bouillon.
1:55 of 2nd period - Icing by Marian Gaborik.
1:56 of 2nd period - Nicklas Backstrom wins face-off versus Rob Niedermayer in Predators zone.
2:12 of 2nd period - Minor Penalty to Zbynek Michalek for Hooking.
2:13 of 2nd period - Olli Jokinen wins face-off versus Jeff Carter in Predators zone.
3:03 of 2nd period - Shot by Milan Hejduk.
3:03 of 2nd period - Deflect By Martin St. Louis.
3:03 of 2nd period - Goal by Martin St. Louis - Predators : 2 - Wild : 5.
3:03 of 2nd period - Antero Niittymaki enters game.
3:04 of 2nd period - Patrik Elias wins face-off versus Erik Cole in neutral zone.
3:19 of 2nd period - Scottie Upshall is hit by Aaron Ward and loses puck.
3:51 of 2nd period - Shot by Nicklas Backstrom.
3:51 of 2nd period - Stopped by Ilya Bryzgalov without a rebound.
3:52 of 2nd period - Steven Stamkos wins face-off versus Joe Pavelski in Wild zone.
3:57 of 2nd period - Shot by Steven Stamkos.
3:57 of 2nd period - Goal by Steven Stamkos - Predators : 3 - Wild : 5.
3:58 of 2nd period - Nicklas Backstrom wins face-off versus Joe Pavelski in neutral zone.
4:11 of 2nd period - Shot by Martin St. Louis.
4:11 of 2nd period - Stopped by Antero Niittymaki without a rebound.
4:12 of 2nd period - Chris Drury wins face-off versus Steven Stamkos in Predators zone.
4:20 of 2nd period - Off-side.
4:21 of 2nd period - Joe Pavelski wins face-off versus Patrik Elias in neutral zone.
4:25 of 2nd period - Minor Penalty to Milan Michalek for Interference.
4:26 of 2nd period - Patrik Elias wins face-off versus Joe Pavelski in Predators zone.
6:50 of 2nd period - Shot by Brent Burns.
6:50 of 2nd period - Deflect By Marian Gaborik.
6:50 of 2nd period - Stopped by Ilya Bryzgalov without a rebound.
6:51 of 2nd period - Rob Niedermayer wins face-off versus Patrik Elias in Wild zone.
6:53 of 2nd period - Icing by Chris Drury.
6:54 of 2nd period - Milan Michalek wins face-off versus Rob Niedermayer in Wild zone.
6:54 of 2nd period - Milan Michalek is hit by Aaron Ward.
7:09 of 2nd period - Minor Penalty to Derek Morris for Roughing.
7:10 of 2nd period - Joe Pavelski wins face-off versus Patrik Elias in Predators zone.
7:19 of 2nd period - Shot by Michal Rozsival.
7:19 of 2nd period - Stopped by Antero Niittymaki without a rebound.
7:20 of 2nd period - Jeff Carter wins face-off versus Olli Jokinen in Predators zone.
7:28 of 2nd period - Olli Jokinen beats up Patrik Elias.
7:28 of 2nd period - Penalty to Olli Jokinen for Fighting.
7:28 of 2nd period - Penalty to Patrik Elias for Fighting.
7:28 of 2nd period - Penalty to Olli Jokinen for instigated a fight.
7:28 of 2nd period - Olli Jokinen is ejected from game.
7:29 of 2nd period - Chris Drury wins face-off versus Nicklas Backstrom in Predators zone.
7:53 of 2nd period - Icing by Tomas Kaberle.
7:54 of 2nd period - Nicklas Backstrom wins face-off versus Joe Pavelski in Predators zone.
7:54 of 2nd period - Nicklas Backstrom is hit by Joe Pavelski.
8:11 of 2nd period - Shot by Joe Pavelski.
8:11 of 2nd period - Shot Misses the Net.
8:55 of 2nd period - Shot by Milan Hejduk.
8:55 of 2nd period - Shot Blocked by Jeff Carter.
8:58 of 2nd period - Icing by Jeff Carter.
8:59 of 2nd period - Steven Stamkos wins face-off versus Chris Drury in Predators zone.
9:01 of 2nd period - Icing by Jeff Carter.
9:02 of 2nd period - Chris Drury wins face-off versus Steven Stamkos in Predators zone.
9:52 of 2nd period - Shot by Milan Michalek.
9:52 of 2nd period - Shot Misses the Net.
10:21 of 2nd period - Shot by Joe Pavelski.
10:21 of 2nd period - Shot Blocked by Cody Franson.
10:37 of 2nd period - Shot by Joe Pavelski.
10:37 of 2nd period - Goal by Joe Pavelski - Predators : 3 - Wild : 6.
10:38 of 2nd period - Chris Drury wins face-off versus Steven Stamkos in neutral zone.
11:05 of 2nd period - Shot by Daniel Alfredsson.
11:05 of 2nd period - Stopped by Antero Niittymaki without a rebound.
11:06 of 2nd period - Joe Pavelski wins face-off versus Nicklas Backstrom in Predators zone.
11:06 of 2nd period - Joe Pavelski is hit by Brent Burns.
11:09 of 2nd period - Martin St. Louis is hit by Brent Burns.
11:51 of 2nd period - Daniel Alfredsson is hit by Derek Morris and loses puck.
12:15 of 2nd period - Shot by Erik Cole.
12:15 of 2nd period - Deflect By Stephane Yelle.
12:15 of 2nd period - Shot Misses the Net.
12:17 of 2nd period - Shot by Erik Cole.
12:17 of 2nd period - Stopped by Antero Niittymaki without a rebound.
12:18 of 2nd period - Steven Stamkos wins face-off versus Milan Hejduk in Predators zone.
12:31 of 2nd period - Shot by Milan Hejduk.
12:31 of 2nd period - Shot Misses the Net.
12:35 of 2nd period - Shot by Milan Hejduk.
12:35 of 2nd period - Shot Misses the Net.
12:37 of 2nd period - Shot by Mark Eaton.
12:37 of 2nd period - Shot Misses the Net.
12:39 of 2nd period - Shot by Alexei Ponikarovsky.
12:39 of 2nd period - Stopped by Antero Niittymaki with a rebound.
12:43 of 2nd period - Shot by Milan Hejduk.
12:43 of 2nd period - Shot Misses the Net.
12:45 of 2nd period - Shot by Mark Eaton.
12:45 of 2nd period - Stopped by Antero Niittymaki without a rebound.
12:46 of 2nd period - Patrik Elias wins face-off versus Rob Niedermayer in Predators zone.
12:51 of 2nd period - Shot by Erik Cole.
12:51 of 2nd period - Goal by Erik Cole - Predators : 3 - Wild : 7.
12:52 of 2nd period - Rob Niedermayer wins face-off versus Jeff Carter in neutral zone.
13:53 of 2nd period - Shot by Marian Gaborik.
13:53 of 2nd period - Shot Misses the Net.
13:55 of 2nd period - Shot by Nicklas Backstrom.
13:55 of 2nd period - Stopped by Ilya Bryzgalov without a rebound.
13:56 of 2nd period - Chris Drury wins face-off versus Steven Stamkos in Wild zone.
13:56 of 2nd period - Mark Eaton is hit by Simon Gagne and loses puck.
15:08 of 2nd period - Patrik Elias is hit by Ryan Whitney and loses puck.
15:45 of 2nd period - Shot by Marian Gaborik.
15:45 of 2nd period - Shot Blocked by Kim Johnsson.
16:11 of 2nd period - Zbynek Michalek is hit by Stephane Yelle and loses puck.
16:29 of 2nd period - Shot by Alexei Ponikarovsky.
16:29 of 2nd period - Shot Blocked by Patric Hornqvist.
16:33 of 2nd period - Shot by Daniel Alfredsson.
16:33 of 2nd period - Shot Blocked by Zbynek Michalek.
16:37 of 2nd period - Shot by Chris Drury.
16:37 of 2nd period - Goal by Chris Drury - Predators : 3 - Wild : 8.
16:38 of 2nd period - Steven Stamkos wins face-off versus Joe Pavelski in neutral zone.
17:05 of 2nd period - Minor Penalty to Michal Rozsival for Tripping.
17:06 of 2nd period - Chris Drury wins face-off versus Steven Stamkos in Wild zone.
17:16 of 2nd period - Aaron Ward and Steven Stamkos fight to a draw.
17:16 of 2nd period - Penalty to Aaron Ward for Fighting.
17:16 of 2nd period - Penalty to Steven Stamkos for Fighting.
17:17 of 2nd period - Rob Niedermayer wins face-off versus Patrik Elias in Wild zone.
18:43 of 2nd period - Icing by Braydon Coburn.
18:44 of 2nd period - Daniel Alfredsson wins face-off versus Colin Fraser in Predators zone.
19:19 of 2nd period - Shot by Brent Burns.
19:19 of 2nd period - Stopped by Ilya Bryzgalov with a rebound.
19:23 of 2nd period - Shot by Milan Michalek.
19:23 of 2nd period - Shot Misses the Net.
19:25 of 2nd period - Shot by Milan Michalek.
19:25 of 2nd period - Stopped by Ilya Bryzgalov without a rebound.
19:26 of 2nd period - Rob Niedermayer wins face-off versus Colin Fraser in Wild zone.
19:33 of 2nd period - Shot by Erik Cole.
19:33 of 2nd period - Stopped by Antero Niittymaki with a rebound.
19:47 of 2nd period - Shot by Braydon Coburn.
19:47 of 2nd period - Stopped by Ilya Bryzgalov with a rebound.
19:51 of 2nd period - Shot by Simon Gagne.
19:51 of 2nd period - Shot Hit the Post.
19:53 of 2nd period - Shot by Tomas Kaberle.
19:53 of 2nd period - Goal by Tomas Kaberle - Predators : 4 - Wild : 8.
19:54 of 2nd period - Chris Drury wins face-off versus Patrik Elias in neutral zone.

Period #3

0:01 of 3rd period - Nicklas Backstrom wins face-off versus Chris Drury in neutral zone.
0:14 of 3rd period - Shot by Patric Hornqvist.
0:14 of 3rd period - Stopped by Ilya Bryzgalov with a rebound.
0:16 of 3rd period - Shot by Shea Weber.
0:16 of 3rd period - Stopped by Ilya Bryzgalov without a rebound.
0:17 of 3rd period - Nicklas Backstrom wins face-off versus Joe Pavelski in Wild zone.
0:25 of 3rd period - Simon Gagne is hit by Michal Rozsival.
0:40 of 3rd period - Martin St. Louis is hit by Braydon Coburn and loses puck.
0:53 of 3rd period - Minor Penalty to Simon Gagne for Tripping.
0:54 of 3rd period - Patrik Elias wins face-off versus Chris Drury in Predators zone.
1:07 of 3rd period - Shot by Alexei Ponikarovsky.
1:07 of 3rd period - Deflect By Daniel Alfredsson.
1:07 of 3rd period - Shot Blocked by Zbynek Michalek.
1:09 of 3rd period - Shot by Kim Johnsson.
1:09 of 3rd period - Shot Misses the Net.
1:11 of 3rd period - Shot by Daniel Alfredsson.
1:11 of 3rd period - Stopped by Antero Niittymaki without a rebound.
1:12 of 3rd period - Jeff Carter wins face-off versus Daniel Alfredsson in Predators zone.
1:21 of 3rd period - Daniel Alfredsson is hit by Marian Gaborik and loses puck.
2:31 of 3rd period - Shot by Milan Hejduk.
2:31 of 3rd period - Shot Blocked by Patrik Elias.
2:33 of 3rd period - Shot by Ryan Whitney.
2:33 of 3rd period - Stopped by Antero Niittymaki without a rebound.
2:34 of 3rd period - Jeff Carter wins face-off versus Chris Drury in Predators zone.
2:45 of 3rd period - Shot by Ryan Whitney.
2:45 of 3rd period - Stopped by Antero Niittymaki without a rebound.
2:46 of 3rd period - Chris Drury wins face-off versus Patrik Elias in Predators zone.
2:56 of 3rd period - Minor Penalty to Patric Hornqvist for Boarding.
2:57 of 3rd period - Joe Pavelski wins face-off versus Jeff Carter in Predators zone.
4:25 of 3rd period - Shot by Chris Drury.
4:25 of 3rd period - Goal by Chris Drury - Predators : 4 - Wild : 9.
4:26 of 3rd period - Rob Niedermayer wins face-off versus Nicklas Backstrom in neutral zone.
4:52 of 3rd period - Minor Penalty to Shea Weber for Hooking.
4:53 of 3rd period - Jeff Carter wins face-off versus Chris Drury in Predators zone.
5:01 of 3rd period - Icing by Daniel Alfredsson.
5:02 of 3rd period - Chris Drury wins face-off versus Jeff Carter in Wild zone.
5:08 of 3rd period - Minor Penalty to Braydon Coburn for Roughing.
5:09 of 3rd period - Chris Drury wins face-off versus Colin Fraser in Predators zone.
6:05 of 3rd period - Shot by Martin St. Louis.
6:05 of 3rd period - Stopped by Antero Niittymaki without a rebound.
6:06 of 3rd period - Joe Pavelski wins face-off versus Jeff Carter in Predators zone.
6:19 of 3rd period - Shot by Ryan Whitney.
6:19 of 3rd period - Stopped by Antero Niittymaki without a rebound.
6:20 of 3rd period - Rob Niedermayer wins face-off versus Colin Fraser in Predators zone.
7:06 of 3rd period - Minor Penalty to Shea Weber for Interference.
7:07 of 3rd period - Jeff Carter wins face-off versus Martin St. Louis in Predators zone.
7:34 of 3rd period - Shot by Kim Johnsson.
7:34 of 3rd period - Shot Misses the Net.
8:02 of 3rd period - Shot by Michal Rozsival.
8:02 of 3rd period - Shot Blocked by Patrik Elias.
8:04 of 3rd period - Shot by Milan Hejduk.
8:04 of 3rd period - Shot Blocked by Simon Gagne.
8:06 of 3rd period - Shot by Joe Pavelski.
8:06 of 3rd period - Stopped by Antero Niittymaki without a rebound.
8:07 of 3rd period - Chris Drury wins face-off versus Nicklas Backstrom in Predators zone.
8:14 of 3rd period - Shot by Daniel Alfredsson.
8:14 of 3rd period - Stopped by Antero Niittymaki with a rebound.
8:16 of 3rd period - Shot by Chris Drury.
8:16 of 3rd period - Shot Misses the Net.
8:18 of 3rd period - Shot by Mark Eaton.
8:18 of 3rd period - Shot Hit the Post.
8:22 of 3rd period - Shot by Francis Bouillon.
8:22 of 3rd period - Shot Misses the Net.
8:24 of 3rd period - Shot by Daniel Alfredsson.
8:24 of 3rd period - Shot Misses the Net.
8:26 of 3rd period - Shot by Chris Drury.
8:26 of 3rd period - Stopped by Antero Niittymaki without a rebound.
8:27 of 3rd period - Patrik Elias wins face-off versus Martin St. Louis in Predators zone.
9:06 of 3rd period - Minor Penalty to Brent Burns for Hooking.
9:07 of 3rd period - Chris Drury wins face-off versus Patrik Elias in Predators zone.
9:24 of 3rd period - Shot by Kim Johnsson.
9:24 of 3rd period - Shot Blocked by Derek Morris.
9:28 of 3rd period - Shot by Chris Drury.
9:28 of 3rd period - Shot Blocked by Derek Morris.
9:30 of 3rd period - Shot by Chris Drury.
9:30 of 3rd period - Stopped by Antero Niittymaki without a rebound.
9:31 of 3rd period - Chris Drury wins face-off versus Patrik Elias in Predators zone.
9:38 of 3rd period - Shot by Aaron Ward.
9:38 of 3rd period - Stopped by Antero Niittymaki without a rebound.
9:39 of 3rd period - Chris Drury wins face-off versus Patrik Elias in Predators zone.
9:52 of 3rd period - Shot by Kim Johnsson.
9:52 of 3rd period - Shot Misses the Net.
9:56 of 3rd period - Shot by Chris Drury.
9:56 of 3rd period - Goal by Chris Drury - Predators : 4 - Wild : 10.
9:57 of 3rd period - Rob Niedermayer wins face-off versus Nicklas Backstrom in neutral zone.
10:19 of 3rd period - Minor Penalty to Brent Burns for Tripping.
10:20 of 3rd period - Joe Pavelski wins face-off versus Jeff Carter in Predators zone.
10:25 of 3rd period - Shot by Martin St. Louis.
10:25 of 3rd period - Stopped by Antero Niittymaki without a rebound.
10:26 of 3rd period - Joe Pavelski wins face-off versus Jeff Carter in Predators zone.
11:13 of 3rd period - Shot by Kim Johnsson.
11:13 of 3rd period - Shot Misses the Net.
11:17 of 3rd period - Shot by Alexei Ponikarovsky.
11:17 of 3rd period - Deflect By Daniel Alfredsson.
11:17 of 3rd period - Stopped by Antero Niittymaki without a rebound.
11:18 of 3rd period - Chris Drury wins face-off versus Jeff Carter in Predators zone.
12:25 of 3rd period - Shot by Stephane Yelle.
12:25 of 3rd period - Deflect By Erik Cole.
12:25 of 3rd period - Shot Misses the Net.
12:27 of 3rd period - Shot by Erik Cole.
12:27 of 3rd period - Shot Misses the Net.
12:29 of 3rd period - Shot by Stephane Yelle.
12:29 of 3rd period - Deflect By Erik Cole.
12:29 of 3rd period - Stopped by Antero Niittymaki without a rebound.
12:30 of 3rd period - Nicklas Backstrom wins face-off versus Rob Niedermayer in Predators zone.
12:32 of 3rd period - Marian Gaborik is hit by Erik Cole and loses puck.
12:40 of 3rd period - Minor Penalty to Francis Bouillon for Holding.
12:41 of 3rd period - Rob Niedermayer wins face-off versus Nicklas Backstrom in Wild zone.
14:24 of 3rd period - Nicklas Backstrom is hit by Michal Rozsival and loses puck.
14:39 of 3rd period - Shot by Steven Stamkos.
14:39 of 3rd period - Shot Misses the Net.
14:47 of 3rd period - Brent Burns is hit by Daniel Alfredsson and loses puck.
15:10 of 3rd period - Off-side.
15:11 of 3rd period - Patrik Elias wins face-off versus Joe Pavelski in neutral zone.
15:28 of 3rd period - Shot by Scottie Upshall.
15:28 of 3rd period - Stopped by Ilya Bryzgalov with a rebound.
15:30 of 3rd period - Shot by Scottie Upshall.
15:30 of 3rd period - Shot Misses the Net.
15:34 of 3rd period - Shot by Milan Michalek.
15:34 of 3rd period - Goal by Milan Michalek - Predators : 5 - Wild : 10.
15:34 of 3rd period - Dwayne Roloson enters game.
15:35 of 3rd period - Rob Niedermayer wins face-off versus Steven Stamkos in neutral zone.
15:42 of 3rd period - Shot by Erik Cole.
15:42 of 3rd period - Shot Misses the Net.
16:37 of 3rd period - Shot by Daniel Alfredsson.
16:37 of 3rd period - Stopped by Antero Niittymaki with a rebound.
16:49 of 3rd period - Icing by Chris Drury.
16:50 of 3rd period - Nicklas Backstrom wins face-off versus Chris Drury in Wild zone.
17:38 of 3rd period - Icing by Nicklas Backstrom.
17:39 of 3rd period - Nicklas Backstrom wins face-off versus Joe Pavelski in Predators zone.
17:48 of 3rd period - Shot by Milan Hejduk.
17:48 of 3rd period - Shot Blocked by Patric Hornqvist.
18:06 of 3rd period - Shot by Martin St. Louis.
18:06 of 3rd period - Shot Misses the Net.
18:19 of 3rd period - Off-side.
18:20 of 3rd period - Rob Niedermayer wins face-off versus Scottie Upshall in neutral zone.
18:26 of 3rd period - Icing by Derek Morris.
18:27 of 3rd period - Stephane Yelle wins face-off versus Patrik Elias in Predators zone.
18:28 of 3rd period - Shot by Erik Cole.
18:28 of 3rd period - Shot Misses the Net.
18:37 of 3rd period - Minor Penalty to Scottie Upshall for Holding Stick.
18:38 of 3rd period - Jeff Carter wins face-off versus Joe Pavelski in Predators zone.
18:52 of 3rd period - Icing by Martin St. Louis.
18:53 of 3rd period - Patrik Elias wins face-off versus Joe Pavelski in Wild zone.
19:28 of 3rd period - Simon Gagne is hit by Alexei Ponikarovsky and loses puck.


Output by the SimonT Hockey Simulator (STHS) for Stephane Roy -- Original Page W3C XHTML 1.0 Valid